 Dungeon Crawl Stone Soup version 0.29-a0-676-ga64570c9d2 (webtiles) character file.

Game seed: 2632325264511111995

134 Newt the Shooter (level 5, 0/38 HPs)
             Began as a Barachi Arcane Marksman on June 24, 2022.
             Succumbed to an adder's poison
             ... on level 4 of the Dungeon.
             The game lasted 00:05:54 (2248 turns).

Newt the Shooter (Barachi Arcane Marksman)          Turns: 2248, Time: 00:05:55

Health: 0/38       AC:  4    Str: 12    XL:     5   Next: 17%
Magic:  6/6        EV: 12    Int: 13    God:
Gold:   58         SH:  0    Dex: 14    Spells: 5/6 levels left

rFire   . . .      SeeInvis .   a - +0 shortbow
rCold   . . .      Faith    .   (shield currently unavailable)
rNeg    . . .      Spirit   .   b - +0 robe
rPois   .          Reflect  .   e - +0 helmet
rElec   .          Harm     .   (no cloak)
rCorr   .          Rampage  .   d - +0 pair of gloves
Will    .....                   (no boots)
Stlth   ..........              (no amulet)
HPRegen 0.12/turn               (no ring)
MPRegen 0.10/turn               (no ring)

@: mighty, lethally poisoned (0 -> -1), silenced, invisible, slow
A: amphibious, slowness 1, strong legs 1, +LOS
a: Hop


You were on level 4 of the Dungeon.
You visited 1 branch of the dungeon, and saw 4 of its levels.

You collected 58 gold pieces.

Inventory:

Hand Weapons
 a - a +0 shortbow (weapon)
Armour
 b - a +0 robe (worn)
 d - a +0 pair of gloves (worn)
 e - a +0 helmet (worn)
Jewellery
 j - a ring of magical power
Scrolls
 c - a scroll of vulnerability
 f - a scroll of amnesia
 h - a scroll of immolation {unknown}
 i - 3 scrolls of identify
 m - a scroll of teleportation {unknown}


   Skills:
 + Level 1.8 Fighting
 * Level 4.5 Bows
 + Level 2.6 Dodging
 * Level 1.2 Spellcasting
 + Level 3.6 Hexes


You had 5 spell levels left.
You knew the following spells:

 Your Spells              Type           Power      Damage    Failure   Level
a - Slow                  Hex            40%        N/A       6%          1

Your spell library contained the following spells:

 Spells                   Type           Power      Damage    Failure   Level
 Inner Flame              Hex/Fire       5%         N/A       36%         3
 Portal Projectile        Hex/Tloc       10%        N/A       36%         3
 Cause Fear               Hex            5%         N/A       52%         4


Dungeon Overview and Level Annotations

Branches:
Dungeon (3/15)

Altars:


Innate Abilities, Weirdness & Mutations

You are amphibious.
You cover ground slowly.
You can hop short distances.
You have an extended range of vision and can be seen from far away.


Message History

The gnoll gestures obscenely.
The adder bites you.
You shoot an arrow. The arrow hits the gnoll.
You kill the gnoll!
The adder misses you.
The gnoll hits you from afar with a +0 spear.
The adder bites you but does no damage.
You are too injured to fight recklessly!
You are too injured to fight recklessly!
You cannot cast spells when silenced!
Magic scrolls do not work when you're silenced!
You cannot cast spells when silenced!
Shoot: a) +0 shortbow
Press: ? - help, Shift-Dir - straight line, f - adder
Aim: an adder (silenced, 42% to hit)
Okay, then.
Unknown command.
Really attack while wielding your +0 shortbow?
You closely miss the adder. The adder bites you.
The gnoll hits you from afar with a +0 spear.
* * * LOW HITPOINT WARNING * * *
The adder bites you.
* * * LOW HITPOINT WARNING * * *
The gnoll barely misses you. The adder attacks as you move away!
The adder closely misses you.
You fade into invisibility!
The adder bites you.
* * * LOW HITPOINT WARNING * * *
You are poisoned.
The adder poisons you! The gnoll closely misses you.
The gnoll hits you from afar with a +0 spear.
* * * LOW HITPOINT WARNING * * *
The adder barely misses you.
* * * LOW HITPOINT WARNING * * *
You feel sick.
Magic scrolls do not work when you're silenced!
You feel very mighty all of a sudden.
* * * LOW HITPOINT WARNING * * *
You feel sick. The adder closely misses you. The adder barely misses you.
You die...

#). #...
##...######### #
#..P......#..# ..
+.$P......#..# ..
##.P.##.)##..# .#
#...##.l##†.##..#
#.....gSg.......+
#........@......#
#..##..###.###.##
##
#######.#######.
#....#..........
#....'..........
#######'#######.
#.## #..# #..#


You could see an iguana (can't see you), 2 gnolls and an adder (can't see you).

Vanquished Creatures
  An orc wizard (D:3)
  2 gnolls (D:4)
  An adder (D:2)
  A worm (D:2)
  4 dart slugs
  4 orcs (D:3)
  3 ball pythons
  A bat (D:2)
  7 endoplasms
  2 giant cockroaches (D:2)
  3 goblins
  3 hobgoblins
  9 jackals
  6 kobolds
  2 quokkas
  6 frilled lizards
  6 rats
61 creatures vanquished.

Vanquished Creatures (others)
  2 fungi (D:4)
2 creatures vanquished.

Grand Total: 63 creatures vanquished

Notes
Turn   | Place    | Note
-------+----------+-------------------------------------------
     0 | D:1      | Newt the Barachi Arcane Marksman began the quest for the
                  | Orb.
     0 | D:1      | Reached XP level 1. HP: 15/15 MP: 2/2
   168 | D:1      | Reached XP level 2. HP: 11/21 MP: 1/3
   727 | D:1      | Reached XP level 3. HP: 16/26 MP: 4/4
   926 | D:1      | Found a faded altar of an unknown god.
   997 | D:2      | Reached skill level 3 in Bows
  1497 | D:2      | Reached XP level 4. HP: 28/32 MP: 5/5
  1989 | D:3      | Reached skill level 4 in Bows
  2107 | D:3      | You fall into a shaft and drop 1 floor!
  2230 | D:4      | Reached XP level 5. HP: 38/38 MP: 6/6
  2247 | D:4      | HP: 1/38 [poisoned by an adder]
  2248 | D:4      | Succumbed to an adder's poison

Illustrated notes

Levels and vault maps discovered:
D:1:      sevenhm_arrival_forest_fort_small_4, layout_basic,
          basic_ecumenical_altar, minmay_misc_feat_nine_boxes,
          chequers_mini_garden
D:2:      layout_loops_corners, basic_altar
D:3:      cheibrodos_helix_gallery, layout_loops_ring, uniq_jessica
D:4:      layout_gridville, mainiacjoe_overflow_boulevard,
          nicolae_kikubaaqudgha_miasma_corner, kennysheep_crisscross

Skill      XL: |  1  2  3  4 |
---------------+-------------+-----
Bows           | 3 4 |  4.5
Fighting       | |  1.8
Dodging        | |  2.6
Spellcasting   | |  1.2
Hexes          | |  3.6

Action                   |  1- 3 |  4- 6 || total
-------------------------+-------+-------++-------
Melee: Shortbow          |       |     1 ||     1
 Fire: Shortbow          |   111 |    74 ||   185
 Cast: Slow              |     3 |     1 ||     4
  Use: Potion            |     1 |     2 ||     3
       Scroll            |       |     4 ||     4
Armor: Robe              |    27 |    10 ||    37
Dodge: Dodged            |    41 |    19 ||    60

Table legend: (Time is in decaauts)
 A = Elapsed time spent in this place.
 B = Non-inter-level travel time spent in this place.
 C = Inter-level travel time spent in this place.
 D = Time resting spent in this place.
 E = Time spent auto-exploring this place.
 F = Levels seen in this place.
 G = Mean time per level.
                   A        B        C        D        E       F      G
               +--------+--------+--------+--------+--------+-----+--------+
         Total |   2536 |   2511 |     25 |    306 |   1803 |   4 |  634.0 |
       Dungeon |   2536 |   2511 |     25 |    306 |   1803 |   4 |  634.0 |
               +--------+--------+--------+--------+--------+-----+--------+

Top non-repeatable levels by time:
     D:1: 1120 daAuts
     D:2: 952 daAuts
     D:3: 307 daAuts
     D:4: 155 daAuts
